 Dungeon Crawl Stone Soup version 0.23.2-40-g277498a001 (webtiles) character file.

Game seed: 13521034993724989896

742 Felnil the Skirmisher (level 7, 0/59 HPs)
             Began as a Mummy Fighter on Aug 14, 2019.
             Slain by a gnoll
             ... wielding a +0 spear
              (6 damage)
             ... on level 5 of the Dungeon.
             The game lasted 00:11:20 (4356 turns).

Felnil the Skirmisher (Mummy Fighter)               Turns: 4356, Time: 00:11:20

Health: 0/59       AC:  9    Str: 22    XL:     7   Next: 47%
Magic:  7/7        EV:  7    Int:  7    God:
Gold:   330        SH:  9    Dex: 11    Spells: 6/6 levels left

rFire    . . .     SeeInvis .   a - +0 war axe
rCold    + . .     Gourm    .   c - +0 shield
rNeg     + + +     Faith    .   r - +1 scale mail {rF+}
rPois    ∞         Spirit   .   (no helmet)
rElec    .         Reflect  .   q - +0 cloak
rCorr    +         Harm     .   (no gloves)
MR       .....                  (no boots)
Stlth    ..........             (no amulet)
HPRegen  0.19/turn              p - ring of resist corrosion
MPRegen  0.10/turn              (no ring)

@: no status effects
A: no food or potions, fire vulnerability, cold resistance 1, negative energy
resistance 3, torment resistance, unbreathing
a: no special abilities


You were on level 5 of the Dungeon.
You were not hungry.

You visited 1 branch of the dungeon, and saw 5 of its levels.

You collected 330 gold pieces.

Inventory:

Hand Weapons
 a - a +0 war axe (weapon)
Missiles
 s - 8 tomahawks (quivered)
Armour
 c - a +0 shield (worn)
 n - a +2 scale mail of poison resistance
 q - a +0 cloak (worn)
 r - a +1 scale mail of fire resistance (worn)
Jewellery
 p - a ring of resist corrosion (left hand)
Wands
 o - a wand of digging (14)
Scrolls
 b - a scroll of immolation {unknown}
 d - 2 scrolls of remove curse
 e - a scroll of fear {unknown}
 f - a scroll of enchant armour
 g - 4 scrolls of identify
 h - 2 scrolls of teleportation {unknown}
 i - a scroll of noise {unknown}
 j - a scroll of enchant weapon {unknown}
 k - 2 scrolls of blinking {unknown}
 l - 2 scrolls of magic mapping
 m - a scroll of random uselessness {unknown}
 t - a scroll of amnesia {unknown}


   Skills:
 * Level 6.6 Fighting
 - Level 1.5 Axes
 + Level 4.2 Armour
 + Level 4.2 Shields


You had 6 spell levels left.
You didn't know any spells.
Your spell library was empty.

Dungeon Overview and Level Annotations

Branches:
Dungeon (5/15)
 Temple: D:4-7

Altars:
Elyvilon
Fedhas
Gozag
Hepliaklqana
Sif Muna
Vehumet
Xom
The Shining One

Annotations:
D:5 H0rd4k's ghost, novice HuAr


Innate Abilities, Weirdness & Mutations

You do not eat or drink.
Your flesh is vulnerable to fire.
You are immune to poison.
Your flesh is cold resistant. (rC+)
You are immune to negative energy. (rN+++)
You are immune to unholy pain and torment.
You can survive without breathing.


Message History

2 gnolls come into view.
The gnoll shouts! x2; You hear a shout!
A gnoll comes into view. It is wielding a +0 spear.
You hear a shout! x2
A gnoll shaman comes into view. It is wielding a +0 club.
The gnoll shouts!
The gnoll shaman moves out of view.
As you read the scroll labeled VOVAVA TECO, it crumbles to dust.
You feel aware of your surroundings.
You sensed 2 altars.
It was a scroll of magic mapping.
An orc wizard comes into view. It is wielding a +0 dagger.
The gnoll barely misses you. x2
As you read the scroll labeled ODOICS DICUTRAE, it crumbles to dust.
It is a scroll of enchant armour.
Your +0 scale mail of fire resistance glows green for a moment.
H0rd4k's ghost hits you but does no damage.
You block the gnoll's attack.
An orc comes into view. It is wielding a +0 war axe.
The gnoll hits you from afar with a +0 spear.
You die...

*,,,,#..l....##..**,,,,,**,,,*
*,,,,#l#####....,,,,,,,,,,,,,,
*,,,,#.sW..#...#*,,,o,,,,,**,,
*****#####.#,.##**,o._,,,****,
#...#,..##...,,,,,,**,,
#l####......,,,,,,,,,,,
#...s.#*,.#*,,,,,**,,**
#####W##g#**,,*,,***,*
#.@gg#*,,***,,**,*
###..g...#**,,,,,*
*.......*,,***** *####...,,,*
*,..,*** ***#**


You could see a gnoll shaman, an orc wizard, H0rd4k's ghost, 3 gnolls, an orc
and a giant cockroach.

Vanquished Creatures
  Sigmund (D:3)
  An ice beast (D:5)
  2 ogres (D:5)
  An orc priest (D:4)
  Ijyb (D:3)
  Terence (D:3)
  An orc wizard (D:4)
  A worker ant (D:4)
  Robin (D:3)
  6 adders
  An ooze (D:2)
  An adder skeleton (D:4)
  A worm (D:3)
  3 dart slugs
  3 leopard geckos
  7 orcs
  7 bats
  2 giant cockroaches
  14 goblins
  14 hobgoblins
  12 jackals
  3 quokkas
  2 ball pythons
  6 frilled lizards
  5 kobolds
  A leopard gecko skeleton (D:4)
  16 rats
114 creatures vanquished.

Notes
Turn   | Place    | Note
-------+----------+-------------------------------------------
     0 | D:1      | Felnil the Mummy Fighter began the quest for the Orb.
     0 | D:1      | Reached XP level 1. HP: 18/18 MP: 1/1
    89 | D:1      | Reached XP level 2. HP: 17/24 MP: 2/2
   787 | D:2      | Reached XP level 3. HP: 29/29 MP: 3/3
  1137 | D:2      | Reached skill level 4 in Fighting
  1594 | D:3      | Reached XP level 4. HP: 36/37 MP: 4/4
  1771 | D:3      | Found a sacrificial altar of Ru.
  1773 | D:3      | Found a glowing golden altar of the Shining One.
  1773 | D:3      | Found an opulent altar of Gozag.
  1775 | D:3      | Found a shimmering altar of Xom.
  1775 | D:3      | Found a deep blue altar of Sif Muna.
  1775 | D:3      | Found a blossoming altar of Fedhas.
  1842 | D:3      | Noticed Terence
  1857 | D:3      | Killed Terence
  2036 | D:3      | Noticed Ijyb
  2071 | D:3      | Killed Ijyb
  2071 | D:3      | Reached XP level 5. HP: 30/43 MP: 5/5
  2093 | D:3      | Noticed Sigmund
  2109 | D:3      | Killed Sigmund
  2109 | D:3      | Reached skill level 5 in Fighting
  2109 | D:3      | Reached XP level 6. HP: 21/51 MP: 6/6
  2206 | D:3      | Noticed Robin
  2217 | D:3      | Killed Robin
  2218 | D:3      | HP: 1/51 [hobgoblin/+0 club[Robin] (2)]
  2645 | D:3      | Found a radiant altar of Vehumet.
  3203 | D:4      | Found a hazy altar of Hepliaklqana.
  3540 | D:5      | Entered Level 5 of the Dungeon
  3633 | D:5      | Reached skill level 6 in Fighting
  3633 | D:5      | Reached XP level 7. HP: 36/58 MP: 7/7
  3813 | D:5      | Found a white marble altar of Elyvilon.
  4274 | D:5      | Found a runed translucent door.
  4293 | D:5      | Noticed H0rd4k's ghost (novice HuAr)
  4333 | D:5      | HP: 2/59 [H0rd4k's ghost (1)]
  4356 | D:5      | Slain by a gnoll

Skill      XL: |  1  2  3  4  5  6  7 |
---------------+----------------------+-----
Fighting       | 4 5 6 |  6.6
Armour         | 3 4 |  4.2
Shields        | 3 4 |  4.2
Axes           | |  1.5

Action                   |  1- 3 |  4- 6 |  7- 9 || total
-------------------------+-------+-------+-------++-------
Melee: War axe           |   157 |   243 |    55 ||   455
  Use: Scroll            |       |     2 |     2 ||     4
Armor: Scale mail        |    91 |    94 |    21 ||   206
Dodge: Dodged            |    55 |    94 |    17 ||   166
Block: Shield            |    81 |   167 |    27 ||   275
